 Dungeon Crawl Stone Soup version 0.30-a0-234-g97d66968fd (webtiles) character file.

Game seed: 593994553148536900

9 qw the Shield-Bearer (level 2, -5/19 HPs)
             Began as a Gargoyle Fighter on Oct 10, 2022.
             Slain by a gnoll
             ... wielding a +0 flail
              (9 damage)
             ... on level 1 of the Dungeon.
             The game lasted 00:00:06 (177 turns).

qw the Shield-Bearer (Gargoyle Fighter)              Turns: 177, Time: 00:00:07

Health: -5/19      AC:  9    Str: 19    XL:     2   Next: 12%
Magic:  2/2        EV:  9    Int:  8    God:
Gold:   49         SH:  4    Dex:  9    Spells: 1/1 levels left

rFire   . . .      SeeInvis .    a - +0 war axe
rCold   . . .      Faith    .    c - +0 buckler
rNeg    + . .      Spirit   .    b - +0 scale mail
rPois   inf        Reflect  .    (no helmet)
rElec   +          Harm     .    (no cloak)
rCorr   .          Rampage  .    (no gloves)
Will    .....                    (no boots)
Stlth   ..........               (no amulet)
HPRegen 0.23/turn                (no ring)
MPRegen 0.08/turn                (no ring)

@: no status effects
A: sickness immunity, AC +2, negative energy resistance 1, electricity
resistance, torment resistance 1, petrification resistance
a: no special abilities


You were on level 1 of the Dungeon.
You visited 1 branch of the dungeon, and saw 1 of its levels.

You collected 49 gold pieces.


Innate Abilities, Weirdness & Mutations

You are immune to sickness and miasma.
Your stone body is resilient. (AC +2)
You are immune to poison.
You resist negative energy. (rN+)
You are resistant to electric shocks. (rElec)
You are resistant to unholy torment.
You are immune to petrification.


   Skills:
 - Level 3.2 Fighting
 + Level 2.5 Axes
 - Level 3.2 Armour
 - Level 3.2 Shields


You had one spell level left.
You didn't know any spells.
Your spell library was empty.

Inventory:

Hand Weapons
 a - a +0 war axe (weapon)
 i - a +0 club
Armour
 b - a +0 scale mail (worn)
 c - a +0 buckler (worn)
Scrolls
 f - a scroll of butterflies {unknown}
 g - a scroll of fear {unknown}
 j - a scroll of enchant armour {unknown}
Potions
 d - a potion of might
 e - 3 potions of cancellation {unknown}
 h - a potion of heal wounds {unknown}

Dungeon Overview and Level Annotations

Branches:
Dungeon (1/15)

Altars:


Message History

The bat barely misses you. The bat hits you but does no damage.
Things that are here:
14 gold pieces; a black potion You block the bat's attack.
You barely miss the bat. You block the bat's attack. The bat barely misses you.
The bat hits you but does no damage. x2
You slash the bat!
You kill the bat!
You have reached level 2!
You now have 49 gold pieces (gained 14).
h - a black potion A bat comes into view.
You miss the bat. The bat hits you but does no damage.
You slash the bat!
You kill the bat!
A giant cockroach comes into view.
Enter note: The giant cockroach waves its antennae.
You hit the giant cockroach.
You kill the giant cockroach!
You see here a giant cockroach corpse.
i - a +0 club
j - a scroll labelled ANIAWK PETUOP A gnoll and a goblin come into view.
Found a stone staircase leading down.
The gnoll shouts!
An endoplasm comes into view.
You barely miss the gnoll. The gnoll hits you with a +0 flail!
Ouch! That really hurt!
You barely miss the gnoll. The gnoll closely misses you.
The gnoll hits you but does no damage.
You barely miss the gnoll. The gnoll misses you.
You closely miss the gnoll. The gnoll hits you with a +0 flail.
The gnoll hits you with a +0 flail!
You die...

##..).######.#
##.#........#
######...########
#......%.#
#........########
................
......#.########
######.#..#
#.......#@#
#......%#.gg.....
#.......###J.....
#.......###...$.>
#.........# .....
#................
#................
#...#######......
#..### ...


You could see a gnoll, an endoplasm and a goblin.

Vanquished Creatures
  An endoplasm (D:1)
  A giant cockroach (D:1)
  A kobold (D:1)
  2 ball pythons (D:1)
  3 bats (D:1)
  A rat (D:1)
9 creatures vanquished.

Notes
Turn   | Place    | Note
-------+----------+-------------------------------------------
     0 | D:1      | qw the Gargoyle Fighter began the quest for the Orb.
     0 | D:1      | Reached XP level 1. HP: 14/14 MP: 1/1
     0 | D:1      | 0 ||| qw: Version: 0.2-a-17-g06abaee
     0 | D:1      | 0 ||| qw: Game counter: 2353
     0 | D:1      | 0 ||| qw: Always use a shield: true
     0 | D:1      | 0 ||| qw: God list: Okawaru
     0 | D:1      | 0 ||| qw: Allow faded altars: false
     0 | D:1      | 0 ||| qw: Do Orc after D:15 true
     0 | D:1      | 0 ||| qw: Do second Lair branch before Depths: true
     0 | D:1      | 0 ||| qw: Lair rune preference: random
     0 | D:1      | 0 ||| qw: Plans: Normal, Zot:1-4, God:TSO, Crypt, Tomb,
                  | Pan, Slime:5, Hells, Abyss, Orb
     0 | D:1      | 0 ||| PLANNING D:1-11
   137 | D:1      | Reached XP level 2. HP: 19/19 MP: 2/2
   177 | D:1      | HP: 4/19 [gnoll/+0 flail (6)]
   177 | D:1      | Slain by a gnoll

Levels and vault maps discovered:
D:1:      lightli_iron_boxes, layout_rooms

Skill      XL: |  1 |
---------------+----+-----
Axes           | 2 |  2.5
Fighting       | |  3.2
Armour         | |  3.2
Shields        | |  3.2

Action                   || total
-------------------------++-------
Melee: War axe           ||    21
Armor: Scale mail        ||     7
Dodge: Dodged            ||     6
Block: Buckler           ||     5

Table legend:
 A = Non-vault XP
 B = Vault XP
 C = Vault XP percentage of total XP
 D = Non-vault monster count
 E = Vault monster count
 F = Vault count percentage of total count
                 A         B        C        D         E       F
            +---------+---------+-------+---------+---------+-------
      Total |      13 |       0 |   0.0 |       9 |       0 |   0.0
            +---------+---------+-------+---------+---------+-------
        D:1 |      13 |       0 |   0.0 |       9 |       0 |   0.0
            +---------+---------+-------+---------+---------+-------
